 Dungeon Crawl Stone Soup version 0.18-a0-902-g8738618 (webtiles) character file.

1 Jmtri7 the Charlatan (level 1, -3/15 HPs)
             Began as a Formicid Artificer on Dec 25, 2015.
             Slain by a vampire mosquito (7 damage)
             ... on level 15 of the Dungeon.
             The game lasted 00:01:54 (333 turns).

Jmtri7 the Charlatan (Formicid Artificer)            Turns: 333, Time: 00:01:54

Health: -3/15      AC:  5    Str: 15    XL:     1   Next: 22%
Magic:  3/3        EV: 11    Int: 11    God:
Gold:   20         SH:  0    Dex: 11    Spells: 0 memorised, 0 levels left

rFire  . . .     SeeInvis +     l - +0 spear
rCold  . . .     Gourm    .     k - +0 ring mail
rNeg   . . .     Faith    .     (no shield)
rPois  .         Spirit   .     (helmet unavailable)
rElec  .         Dismiss  .     (no cloak)
rCorr  .         Reflect  .     (no gloves)
SustAt .         Harm     .     (no boots)
MR     .....                    (no amulet)
Stlth  +.........               (no ring)
                                (no ring)

@: not resistant to hostile enchantments, very unstealthy
A: permanent stasis, dig shafts and tunnels, four strong arms, antennae 3
a: Dig, Shaft Self


You were on level 15 of the Dungeon.
You were very hungry.

You visited 1 branch of the dungeon, and saw 9 of its levels.

You collected 20 gold pieces.

Inventory:

Hand Weapons
 l - a +0 spear (weapon)
Armour
 k - a +0 ring mail (worn)
Wands
 c - a wand of flame (15/48)
 d - a wand of enslavement (15/24)
 e - a wand of random effects (15/48)
Scrolls
 a - a scroll of blinking {unknown}
 i - 2 scrolls of fog {unknown}
Potions
 g - a potion of heal wounds {unknown}
 j - a potion of agility {unknown}
 m - a potion of might {unknown}
Comestibles
 b - 4 fruits
 f - 2 bread rations
 h - a royal jelly


   Skills:
 - Level 1.1 Fighting
   Level 1.0 Short Blades
 - Level 1.7 Dodging
 - Level 1.2 Stealth
 + Level 3.4 Evocations


You couldn't memorise any spells.
You didn't know any spells.

Dungeon Overview and Level Annotations

Branches:
Dungeon (14/15)
 Temple: D:4-7         Lair: D:8-11         Orc: D:9-12      Vaults: D:13-14

Altars:
Okawaru
Ru
Sif Muna
Vehumet
The Shining One


Innate Abilities, Weirdness & Mutations

You are under a permanent stasis effect.
You can dig through walls and to a lower floor.
Your four strong arms can wield two-handed weapons with a shield.
You have a pair of large antennae on your head (SInv).


Message History

A vampire mosquito comes into view.
The vampire mosquito buzzes angrily.
You can't shaft yourself on this level.
A vampire mosquito comes into view.
The vampire mosquito bites you but does no damage. x2
Unknown command.
Unknown command.
Unknown command.
You can't shaft yourself on this level.
You closely miss the vampire mosquito. The vampire mosquito barely misses you.
The vampire mosquito barely misses you.
The vampire mosquito bites you but does no damage.
The vampire mosquito bites you. The vampire mosquito barely misses you.
The vampire mosquito bites you!
Ouch! That really hurt!
* * * LOW HITPOINT WARNING * * *
Unknown command.
You can't shaft yourself on this level.
The vampire mosquito bites you!
You die...

..#########
......y...#
.......y..#
......yy@.#
#+#######.#
#.# #.#
#.########
#........#
#.########
#..# { +..#


You could see 4 vampire mosquitoes.

Vanquished Creatures
  A giant cockroach (D:3)
1 creature vanquished.

Notes
Turn   | Place    | Note
--------------------------------------------------------------
     0 | D:1      | Jmtri7 the Formicid Artificer began the quest for the Orb.
     0 | D:1      | Reached XP level 1. HP: 15/15 MP: 3/3
    85 | D:1      | You fall through a shaft!
    88 | D:2      | You fall through a shaft!
   106 | D:3      | You fall through a shaft for 2 floors!
   106 | D:5      | Entered Level 5 of the Dungeon
   121 | D:5      | Noticed a crimson imp
   124 | D:5      | You fall through a shaft for 3 floors!
   124 | D:8      | Noticed an iguana
   124 | D:8      | Noticed an orc warrior
   124 | D:8      | Noticed an orc wizard
   124 | D:8      | Noticed a giant frog zombie
   127 | D:8      | You fall through a shaft!
   133 | D:9      | Found a radiant altar of Vehumet.
   136 | D:9      | Found a sacrificial altar of Ru.
   139 | D:9      | Found a glowing golden altar of the Shining One.
   142 | D:9      | Found an iron altar of Okawaru.
   142 | D:9      | Noticed a necrophage
   145 | D:9      | You fall through a shaft for 2 floors!
   181 | D:11     | Noticed a black bear
   189 | D:11     | You fall through a shaft for 3 floors!
   189 | D:14     | Found a deep blue altar of Sif Muna.
   236 | D:14     | Noticed a giant frog
   236 | D:14     | Noticed a freezing wraith
   239 | D:14     | You fall through a shaft!
   239 | D:15     | Entered Level 15 of the Dungeon
   329 | D:15     | Noticed a vampire mosquito
   329 | D:15     | Noticed a vampire mosquito
   330 | D:15     | Noticed a vampire mosquito
   331 | D:15     | Noticed a vampire mosquito
   333 | D:15     | Slain by a vampire mosquito

Vault maps used:
D:1:      dpeg_arrival_pits, minmay_misc_feat_alley
D:2:      cheibriados_altar_wand_db
D:3:      grunt_pakellas_sulfur, first_bread
D:5:      uniq_edmund
D:8:      xom_shifter_show
D:9:      grunt_temple_overflow_cloverleaf, nicolae_overflow_crystal_walls
D:11:     lair_0_dummy, orc_0_dummy, serial_shops, shop, shop
D:14:     grunt_vaults_entry_tiered, minivault_11, basic_altar, hangedman_ranch,
          nemelex_xobeh_ov_fountains_minmay
D:15:     gammafunk_depths_entry_grave, minmay_door_square

Action                   || total
-------------------------++-------
Melee: Spear             ||     9
 Abil: Shaft Self        ||     8
       Dig               ||     1
